 Dungeon Crawl Stone Soup version 0.31.0-32-g396128a36d (webtiles) character file.

Game seed: 14232481935967799018

1488 nms23 the Conjurer (level 8, 0/85 HPs)
             Began as a Demonspawn Conjurer on Mar 13, 2024.
             Was a Follower of Vehumet.
             Succumbed to a killer bee's poison
             ... on level 6 of the Dungeon.
             The game lasted 00:10:46 (6255 turns).

nms23 the Conjurer (Demonspawn Conjurer)            Turns: 6255, Time: 00:10:47

Health: 0/85       AC: 13    Str:  8    XL:     8   Next: 51%
Magic:  8/17       EV: 12    Int: 21    God:    Vehumet [*.....]
Gold:   159        SH:  0    Dex: 11    Spells: 12/19 levels left

rFire   + . .        t - +1 dagger (protect)
rCold   . . .        (no shield)
rNeg    . . .        v - +1 robe {rF+}
rPois   .            (helmet unavailable)
rElec   .            (no cloak)
rCorr   .            (no gloves)
SInv    +            (no boots)
Will    .....        (no amulet) Stlth
                     (no ring)
HPRegen 0.34/turn    (no ring)
MPRegen 0.15/turn

%: no passive effects
@: mighty, berserking (expiring), lethally poisoned (0 -> -13), under a
protective aura, very quick
A: antennae 3, thin metallic scales 2, powered by pain 2
a: Renounce Religion


You were on level 6 of the Dungeon.
You worshipped Vehumet.
Vehumet was aware of your devotion.
You visited 1 branch of the dungeon, and saw 6 of its levels.

You collected 159 gold pieces.

Inventory:

Hand Weapons
 t - a +1 dagger of protection (weapon)
 B - the +6 arbalest "Damnation" {damnation}
   (You found it on level 5 of the Dungeon)
Missiles
 l - 8 darts of dispersal
 w - 3 poisoned darts
Armour
 a - a +0 robe
 f - an orb of energy
 v - a +1 robe of fire resistance (worn)
Jewellery
 i - a +4 ring of protection
Wands
 k - a wand of flame (25)
 p - a wand of mindburst (13)
 x - a wand of iceblast (11)
Scrolls
 c - 5 scrolls of identify {unknown}
 e - 2 scrolls of poison {unknown}
 g - a scroll of fog {unknown}
 h - a scroll of acquirement {unknown}
 j - 3 scrolls of amnesia {unknown}
 m - a scroll of fear {unknown}
 n - a scroll of noise {unknown}
 q - a scroll of enchant weapon {unknown}
 y - 4 scrolls of teleportation {unknown}
 z - 2 scrolls of revelation {unknown}
 A - a scroll of brand weapon {unknown}
Potions
 b - a potion of magic
 d - a potion of ambrosia {unknown}
 o - a potion of resistance {unknown}
 r - a potion of haste {unknown}
 s - 2 potions of berserk rage
 u - a potion of enlightenment {unknown}


   Skills:
 + Level 2.5 Fighting
 - Level 2.0 Dodging
 - Level 1.7 Stealth
 + Level 6.2 Spellcasting
 + Level 7.5 Conjurations
 - Level 4.0 Translocations


You had 12 spell levels left.
You knew the following spells:

 Your Spells              Type           Power      Damage    Failure   Level
a - Magic Dart            Conj           100%       1d8       1%          1
b - Searing Ray           Conj           76%        2d7       1%          2
x - Iskenderun's Mystic   Conj/Tloc      30%        2d8       9%          4

Your spell library contained the following spells:

 Spells                   Type           Power      Damage    Failure   Level
 Kiss of Death            Conj/Necr      88%        2d12      1%          1
 Apportation              Tloc           46%        N/A       1%          1
 Shock                    Conj/Air       88%        1d8       1%          1
 Static Discharge         Conj/Air       44%        3-5/arc   3%          2
 Jinxbite                 Hex            12%        N/A       14%         2
 Fulminant Prism          Conj/Alch      11%        3d8       21%         4
 Swiftness                Air            6%         N/A       28%         3
 Airstrike                Air            3%         2d(1-17)  67%         4
 Summon Lightning Spire   Summ/Air       6%         N/A       67%         4
 Alistair's Intoxication  Alch           4%         N/A       95%         5


Dungeon Overview and Level Annotations

Branches:
Dungeon (6/15)
 Temple: D:4-7

Altars:
Vehumet

Annotations:
D:3 3 runed translucent doors, gohu's ghost, amateur DjFE
D:4 Dowan; Duvessa


Innate Abilities, Weirdness & Mutations

You have a pair of large antennae on your head. (SInv)
You are mostly covered in thin metallic scales. (AC +3)
You sometimes gain power by taking damage.


Message History

* * * LOW HITPOINT WARNING * * *
You feel very sick.
The killer bee stings you but does no damage. x3
You take 3 damage, and have 18/85 hp.
You barely miss the killer bee.
The killer bee is severely wounded.
* * * LOW HITPOINT WARNING * * *
You feel very sick. The killer bee misses you. The killer bee stings you.
* * * LOW HITPOINT WARNING * * *
You are lethally poisoned!
The killer bee poisons you!
You take 3 damage, and have 15/85 hp.
You closely miss the killer bee.
The killer bee is severely wounded.
* * * LOW HITPOINT WARNING * * *
You feel very sick. The killer bee barely misses you.
The killer bee stings you.
* * * LOW HITPOINT WARNING * * *
You take 6 damage, and have 9/85 hp.
You miss the killer bee.
The killer bee is severely wounded.
* * * LOW HITPOINT WARNING * * *
You feel very sick. The killer bee barely misses you.
The killer bee misses you. The killer bee stings you.
* * * LOW HITPOINT WARNING * * *
You take 5 damage, and have 4/85 hp.
You closely miss the killer bee.
The killer bee is severely wounded.
* * * LOW HITPOINT WARNING * * *
You feel very sick.
The killer bee stings you but does no damage.
The killer bee barely misses you. x2
You take 3 damage, and have 1/85 hp.
You puncture the killer bee!
Your weapon exudes an aura of protection.
You kill the killer bee!
Vehumet accepts your kill.
You die...

###.##.........# .....§§
##..##.........# .....≈§
#†###..[......# .......
#.............# .......
###............#####.......
.................y.........
#####..........##yy........
####...........#.y##.......
.#....###..#####@## ....?..
.....)...#..# #..# ..y....
...#.###.##.###.## .y.....
.....# #..).#...# #......
.##..######.....# #.....
....o.# ###.).#.# #####
.####.# #....)).## ##
#.###.......)## #
#..##..†......##


You could see 4 killer bees.

Vanquished Creatures
  Eustachio (D:4)
  Menkaure (D:5)
  2 sky beasts (D:6)
  A black bear (D:4)
  3 ogres
  Blork the orc (D:4)
  2 killer bees (D:6)
  5 bombardier beetles
  2 jellies
  Ijyb (D:4)
  An orc priest (D:4)
  A hound (D:5)
  4 iguanas
  An orc wizard (D:4)
  8 adders
  2 ufetubi (D:6)
  2 ribbon worms (D:2)
  9 orcs
  6 bats
  3 endoplasms
  A giant cockroach (D:1)
  5 goblins
  8 hobgoblins
  2 kobolds
  3 quokkas
  6 ball pythons
  4 frilled lizards (D:1)
  7 rats
92 creatures vanquished.

Notes
Turn   | Place    | Note
-------+----------+-------------------------------------------
     0 | D:1      | nms23 the Demonspawn Conjurer began the quest for the Orb.
     0 | D:1      | Reached XP level 1. HP: 13/13 MP: 3/3
   497 | D:1      | Gained mutation: You are partially covered in thin metallic
                  | scales. (AC +2) [demonic ancestry]
   497 | D:1      | Reached XP level 2. HP: 19/19 MP: 0/5
   791 | D:1      | Learned a level 2 spell: Searing Ray
  1404 | D:2      | Gained mutation: You have a pair of small antennae on your
                  | head. [demonic ancestry]
  1404 | D:2      | Reached XP level 3. HP: 24/24 MP: 0/7
  1708 | D:2      | Found a faded altar of an unknown god.
  3151 | D:3      | Gained mutation: You sometimes gain a little power by
                  | taking damage. [demonic ancestry]
  3151 | D:3      | Reached XP level 4. HP: 30/30 MP: 5/8
  3494 | D:3      | Found a runed translucent gate.
  3494 | D:3      | Found a runed translucent gate.
  3494 | D:3      | Found a runed translucent gate.
  3559 | D:3      | Noticed gohu's ghost (amateur DjFE)
  3612 | D:4      | Learned a level 4 spell: Iskenderun's Mystic Blast
  3733 | D:4      | Noticed Blork the orc
  3740 | D:4      | Killed Blork the orc
  3741 | D:4      | Reached skill level 5 in Conjurations
  3741 | D:4      | Reached skill level 1 in Translocations
  3741 | D:4      | Gained mutation: You have a pair of antennae on your head.
                  | [demonic ancestry]
  3741 | D:4      | Reached XP level 5. HP: 27/35 MP: 4/10
  3803 | D:4      | Noticed Duvessa
  3953 | D:4      | Noticed Ijyb
  3965 | D:4      | Killed Ijyb
  4083 | D:4      | Noticed an ogre
  4086 | D:4      | Killed an ogre
  4087 | D:4      | Gained mutation: You have a pair of large antennae on your
                  | head. (SInv) [demonic ancestry]
  4087 | D:4      | Reached XP level 6. HP: 41/41 MP: 6/12
  4140 | D:4      | Noticed Eustachio
  4149 | D:4      | Killed Eustachio
  4150 | D:4      | Reached skill level 6 in Conjurations
  4150 | D:4      | Gained mutation: You sometimes gain power by taking damage.
                  | [demonic ancestry]
  4150 | D:4      | Reached XP level 7. HP: 23/46 MP: 3/13
  4426 | D:4      | Found a radiant altar of Vehumet.
  4434 | D:4      | Became a worshipper of Vehumet
  4835 | D:4      | Noticed Dowan
  4896 | D:5      | Entered Level 5 of the Dungeon
  5073 | D:5      | Found the +6 arbalest "Damnation" {damnation}
  5123 | D:5      | Reached skill level 5 in Spellcasting
  5482 | D:5      | Noticed Menkaure
  5490 | D:5      | Killed Menkaure
  5491 | D:5      | Gained mutation: You are mostly covered in thin metallic
                  | scales. (AC +3) [demonic ancestry]
  5491 | D:5      | Reached XP level 8. HP: 52/52 MP: 6/16
  5652 | D:5      | Reached skill level 7 in Conjurations
  5926 | D:6      | Reached skill level 1 in Fighting
  6188 | D:6      | Reached * piety under Vehumet
  6188 | D:6      | Offered knowledge of Kiss of Death by Vehumet.
  6253 | D:6      | HP: 4/85 [killer bee (2)]
  6254 | D:6      | HP: 1/85 [poisoned by a killer bee]
  6255 | D:6      | Succumbed to a killer bee's poison

Illustrated notes

Levels and vault maps discovered:
D:1:      ebering_hopf_link, layout_loops_corners, nrook_mini_vaults,
          nicolae_hexahallways, dreamdust_mushroom_princess
D:2:      layout_basic, shapermc_ecumenical_altar_pompeii
D:3:      layout_loops_cross, gammafunk_ghost_necromancy,
          kennysheep_cluttered_room, fountainhead, kennysheep_generic_room_13
D:4:      layout_loops_corners, fiery_altar_vehumet, uniq_blork_the_orc,
          uniq_ijyb, uniq_eustachio, uniq_duvessa
D:5:      layout_basic, grunt_ministairs_10, interstate_on_off,
          minmay_misc_feat_hallway, uniq_menkaure
D:6:      layout_rooms, mainiacjoe_overflow_brackets,
          mainiacjoe_sewer_entry_somewhere_in_here_2, uniq_pikel

Skill      XL: |  1  2  3  4  5  6  7  8 |
---------------+-------------------------+-----
Spellcasting   | 3 4 5 6 |  6.2
Conjurations   | 5 6 7 |  7.5
Translocations | 1 2 3 4 |  4.0
Dodging        | 2 |  2.0
Fighting       | 2 |  2.5
Stealth        | |  1.7

Action                     |  1- 3 |  4- 6 |  7- 9 || total
---------------------------+-------+-------+-------++-------
  Melee: Unarmed           |     4 |       |       ||     4
         Dagger            |       |     4 |    17 ||    21
  Throw: Dart              |       |     3 |       ||     3
   Cast: Magic Dart        |    83 |     7 |    44 ||   134
         Searing Ray       |     5 |     8 |    26 ||    39
         Iskenderun's Myst |       |       |     2 ||     2
  Evoke: Wand              |       |     1 |       ||     1
    Use: Potion            |       |       |     1 ||     1
 Armour: Robe              |    12 |    20 |    43 ||    75
  Dodge: Dodged            |    10 |    11 |    43 ||    64
